 Dungeon Crawl Stone Soup version 0.27-a0-1532-gca18f49f40 (webtiles) character file.

Game seed: 3035560194506561632

89 garrulousMonolith the Ducker (level 4, -8/30 (31) HPs)
             Began as an Octopode Fighter on July 12, 2021.
             Mangled by Crazy Yiuf (14 damage)
             ... on level 2 of the Dungeon.
             The game lasted 00:02:53 (2061 turns).

garrulousMonolith the Ducker (Octopode Fighter)     Turns: 2061, Time: 00:02:54

HP:   -8/30 (31)    AC:  1    Str: 15    XL:     4   Next: 55%
MP:   4/4           EV: 11    Int: 11    God:
Gold: 103           SH:  8    Dex: 11    Spells: 3/3 levels left

rFire    . . .     SeeInvis .   a - +0 trident
rCold    . . .     Faith    .   b - +0 kite shield
rNeg     . . .     Spirit   .   (helmet restricted)
rPois    .         Reflect  .   (no amulet)
rElec    .         Harm     .   (no ring)
rCorr    .         Rampage  .   (no ring)
Will     .....                  (no ring)
Stlth    +++.......             (no ring)
HPRegen  0.10/turn              (no ring)
MPRegen  0.09/turn              (no ring)
                                (no ring)
                                (no ring)

@: lightly drained
A: almost no armour, amphibious, 8 rings, camouflage 1, gelatinous body 1,
(nimble swimmer 1), tentacles
a: no special abilities


You were on level 2 of the Dungeon.
You visited 1 branch of the dungeon, and saw 2 of its levels.

You collected 103 gold pieces.

Inventory:

Hand Weapons
 a - a +0 trident (weapon)
 d - a +2 short sword of holy wrath
Missiles
 i - 5 boomerangs (quivered)
Armour
 b - a +0 kite shield (worn)
Scrolls
 e - a scroll of identify {unknown}
 f - a scroll of amnesia {unknown}
 g - 2 scrolls of fog {unknown}
Potions
 c - a potion of might
 h - 2 potions of lignification {unknown}


   Skills:
 + Level 3.4 Fighting
 * Level 3.1 Polearms
 + Level 3.4 Dodging
 + Level 2.0 Stealth
 + Level 3.4 Shields


You had 3 spell levels left.
You didn't know any spells.
Your spell library contained the following spells:

 Spells                   Type           Power      Damage    Failure   Level
 Poisonous Vapours        Pois/Air       0%         N/A       94%         2
 Mephitic Cloud           Conj/Pois/Air  0%         N/A       99%         3
 Freezing Cloud           Conj/Ice/Air   0%         6-21      100%        5


Dungeon Overview and Level Annotations

Branches:
Dungeon (2/15)

Altars:
Uskayaw

Annotations:
D:2 Crazy Yiuf


Innate Abilities, Weirdness & Mutations

You cannot wear most types of armour.
You are amphibious.
You can wear up to eight rings at the same time.
Your skin changes colour to match your surroundings (Stealth+).
Your rubbery body absorbs attacks. (AC +1, EV +1)
((You are camouflaged near water. (Stealth+)))
You have tentacles for arms and can constrict up to eight enemies at once.


Message History

An adder comes into view.
The adder hisses angrily.
There is a dry fountain here.
You see here a +0 dagger.
An adder is nearby!
You are too injured to fight recklessly!
The adder closely misses you.
You barely miss the adder. You grab the adder. You constrict the adder.
The adder closely misses you.
You puncture the adder!
The adder is almost dead.
You constrict the adder.
You kill the adder!
Your Stealth skill increases to level 2!
You see here an adder corpse.
HP restored.
You now have 90 gold pieces (gained 8).
You see here an adder corpse.
You now have 103 gold pieces (gained 13).
Found a mace.
Found a runed translucent door.
Crazy Yiuf shouts!
You open the door.
There is an open translucent door here.
Your shield prevents you from hitting Crazy Yiuf.
You grab Crazy Yiuf.
You constrict Crazy Yiuf, but do no damage.
Crazy Yiuf closely misses you.
Crazy Yiuf hits you with a +3 quarterstaff of chaos!
You feel drained.
You hit Crazy Yiuf but do no damage. You constrict Crazy Yiuf.
Crazy Yiuf whimpers, "Fire!
Key testudinal green."
Crazy Yiuf hits you with a +3 quarterstaff of chaos!
* * * LOW HITPOINT WARNING * * *
Crazy Yiuf burns you.
* * * LOW HITPOINT WARNING * * *
You hit Crazy Yiuf.
Crazy Yiuf is lightly wounded.
You constrict Crazy Yiuf.
Crazy Yiuf hits you with a +3 quarterstaff of chaos!
You die...

................#
.....)..........#
...........######
...........#
...........#
#####
...........#
#)..#
...........#
#...#
...........#
#.g.#
....##.....# #@#
##########.# ♣.♣♣
#.# ♣♣.♣ #.# ♣.♣♣
#.# ♣♣.♣ #.#
♣♣.♣♣ #.# ♣♣...♣
#.# ♣....♣ #.#
#....#


You could see Crazy Yiuf.

Vanquished Creatures
  4 adders (D:2)
  8 ball pythons
  5 endoplasms
  A giant cockroach (D:1)
  4 hobgoblins
  2 jackals (D:1)
  7 kobolds
  6 quokkas (D:1)
  5 bats
  A goblin (D:2)
  5 rats
48 creatures vanquished.

Notes
Turn   | Place    | Note
-------+----------+-------------------------------------------
     0 | D:1      | garrulousMonolith the Octopode Fighter began the quest for
                  | the Orb.
     0 | D:1      | Reached XP level 1. HP: 16/16 MP: 1/1
    88 | D:1      | Found a hide-covered altar of Uskayaw.
   174 | D:1      | Reached XP level 2. HP: 21/21 MP: 2/2
   347 | D:1      | Reached skill level 1 in Stealth
   446 | D:1      | Reached XP level 3. HP: 18/26 MP: 3/3
  1524 | D:2      | Reached XP level 4. HP: 19/31 MP: 4/4
  1887 | D:2      | Found a faded altar of an unknown god.
  2053 | D:2      | Found a runed translucent door.
  2054 | D:2      | Noticed Crazy Yiuf
  2061 | D:2      | Mangled by Crazy Yiuf

Illustrated notes

Levels and vault maps discovered:
D:1:      dpeg_arrival_water_altar, layout_basic
D:2:      layout_rooms, shapermc_ecumenical_altar_acropolis,
          supply_closet_lemuel, grunt_ministairs_6,
          chequers_serial_rivers_small_a, uniq_terence, uniq_crazy_yiuf_cottage

Skill      XL: |  1  2  3  4 |
---------------+-------------+-----
Stealth        | 1 2 |  2.0
Polearms       | 3 |  3.1
Fighting       | |  3.4
Dodging        | |  3.4
Shields        | |  3.4

Action                   |  1- 3 |  4- 6 || total
-------------------------+-------+-------++-------
Melee: Trident           |    74 |    25 ||    99
       Constrict         |    13 |     7 ||    20
       Tentacles         |     9 |     1 ||    10
Throw: Boomerang         |       |     2 ||     2
 Stab: Sleeping          |    12 |     2 ||    14
       Distracted        |     1 |       ||     1
Armor: Skin              |     6 |     3 ||     9
Dodge: Dodged            |    32 |     6 ||    38
Block: Kite shield       |    24 |    12 ||    36

Table legend: (Time is in decaauts)
 A = Elapsed time spent in this place.
 B = Non-inter-level travel time spent in this place.
 C = Inter-level travel time spent in this place.
 D = Time resting spent in this place.
 E = Time spent auto-exploring this place.
 F = Levels seen in this place.
 G = Mean time per level.
                   A        B        C        D        E       F      G
               +--------+--------+--------+--------+--------+-----+--------+
         Total |   2102 |   2078 |     24 |    432 |   1271 |   2 | 1051.0 |
       Dungeon |   2102 |   2078 |     24 |    432 |   1271 |   2 | 1051.0 |
               +--------+--------+--------+--------+--------+-----+--------+

Top non-repeatable levels by time:
     D:1: 1502 daAuts
     D:2: 600 daAuts
